Zazza, neutral female human Tourist --- ------------------ --- |.|---|................|--------------|.-- |.|...|............)...|[./|..|...|...|..-- ------ |.|...-..--|--.........|.@.|..|...|...|...|---..|.------- --- |.|...|..|...|..-----..|$@.|..|-|---|--...-|.......|.--.-- --.-- |.-----..|...|--|.(.|).--|---|-.........|..|.-......>....| ---...| |........|...| |[(.-....e........-----..........--.--...-- |....-- |........|---| |*..|...f.S--+-...|...|..-.--....|------..| ------------.---- |.----...|.((|+------)){(.`| |...-...|....|--..-- |..| --............| |.| +...|).)|......(.[.@..| |...|...|..--- |..| ---- |.....--.--.--- |.| |...|)..|-+-.....---|-------------.-| ---- --.|.........| --.----...--|-| |..-|-|..................| ----.......-| |....|........| |..|..|----....---------.| --.......| --....|..#.....----..|..|%!.+....|......||.-- ---.......--- --..[..|-....{........|..|]%.|....-...._.||..| ---- --...--......---..-.[.--..|....#.....--------....|......||..-- |..| --..----.....<%..)||.......|-.....................----------..----.-- |...| |......---.----------|..---..----...---.........- |....|..| |..-- |..--.-- --- --......| ---..............| ---....-- ---- ------- --.----- |..-------.--.-- ------ --- ---- -- -- Zazza the Rambler Experience level: 2 Strength: 16 Dexterity: 9 Constitution: 18 Intelligence: 11 Wisdom: 8 Charisma: 16 Health: 41(41) Energy: 8(8) Def: 10 Gold: 0 Moves: 8668 Dungeon seed: 4ptCBAA7ORqV7OIj Game ID: Zazza_1619546248 Your Inventory: Weapons X - a +0 dagger (weapon in hand) Armor e - an uncursed +0 Hawaiian shirt y - an uncursed +0 elven mithril-coat (being worn) Comestibles c - 2 uncursed food rations v - an uncursed sprig of wolfsbane Scrolls j - an uncursed scroll of teleportation J - an uncursed scroll of create monster Rings C - an uncursed ring of cold resistance Wands o - a wand of striking (0:6) x - a wand of create monster (0:11) G - a wand of make invisible (0:3) Tools k - an expensive camera (0:58) l - an uncursed credit card m - an uncursed mirror A - an uncursed towel I - an uncursed figurine of a brown mold L - an uncursed magic lamp (lit) Gems p - an uncursed worthless piece of yellow glass q - an uncursed worthless piece of red glass r - 3 uncursed worthless pieces of yellowish brown glass Spells and supernatural/magical abilities: Name Level Category Fail Memory W - pray for help -- divine ? -- Your skills at the end: Fighting Skills Weapon Skills dart [Basic] Spellcasting Skills Final Attributes: You were stridently aligned. You were telepathic. You were protected. You were lucky. You survived. Vanquished creatures: a dwarf king a dwarf lord 2 rock moles a fog cloud 2 shriekers 9 gnome lords a gnomish wizard 2 elf zombies a straw golem a paper golem a little dog 3 floating eyes 7 dwarves 3 homunculi 17 hill orcs 3 rothes a rabid rat a centipede a giant bat an orc zombie 2 dwarf zombies 2 wererats a werejackal 8 iguanas an acid blob 3 coyotes 2 gas spores 5 hobbits a manes 2 large kobolds 3 hobgoblins 5 giant rats 3 cave spiders 4 yellow molds a green mold 31 gnomes 7 garter snakes 2 gnome zombies 12 geckos 8 jackals 6 foxes 2 kobolds 6 goblins 4 sewer rats 6 grid bugs 2 bats 9 lichens 4 kobold zombies 8 newts 209 creatures vanquished. Voluntary challenges: You had followed a strict vegan diet until turn 2681. You had followed a strict vegetarian diet until turn 2736. You used a wielded weapon 11 times, starting on turn 1794. You read items or engraved 26 times, starting on turn 176. You never genocided any monsters. You never polymorphed an object. You never changed form. You used no wishes. You never split a pudding. You wrote Elbereth's name 12 times, starting on turn 176. You violated your moral code, losing 3 points of alignment, starting on turn 3266. Dungeon overview: The Dungeons of Doom: levels 1 to 8 Level 1 an altar to Blind Io a long staircase Level 2 a potion shop, a fountain stairs to The Gnomish Mines Level 3 Level 4 a potion shop, an altar to The Lady, a fountain Level 5 some fountains Level 6 Level 7 Level 8 many fountains The Gnomish Mines: levels 3 to 6 Level 3 stairs to The Dungeons of Doom Level 4 Level 5 Level 6 <- You were here many shops, a temple to Offler, some fountains, some trees History has recorded: On T:1 you entered the Dungeons of Doom to retrieve the Amulet of Yendor! On T:401 you reached level 2 of The Dungeons of Doom. On T:765 you reached level 3 of The Dungeons of Doom. On T:982 you reached level 1 of The Gnomish Mines. On T:1644 you reached level 4 of The Dungeons of Doom. On T:2277 you reached level 5 of The Dungeons of Doom. On T:2395 you reached level 6 of The Dungeons of Doom. On T:3694 you advanced to experience level 2. On T:4976 you reached level 7 of The Dungeons of Doom. On T:5274 you reached level 8 of The Dungeons of Doom. On T:6767 you reached level 2 of The Gnomish Mines. On T:7670 you reached level 4 of The Gnomish Mines. Score breakdown: Gold: 0 ( 0 points) Experience: 2 levels ( 5570 points) Exploration: 8 levels ( 17.39%) (11832 points) Discoveries: 16 items ( 5.37%) ( 6951 points) Valuables value: (no points given unless you survive) Artifact value: 0 ( 0 points) Variety of kills: 49 monsters ( 12.86%) (10758 points) Turncount: 8668 turns (-2167 points) Survival: quit (score multiplied by 90%) Total score: 29649 Latest messages: Aloha Zazza, the human Tourist, welcome back to NetHack! You are lucky! Full moon tonight. (2x) Bordeyri gratefully inherits all your possessions. Final status: Aloha Zazza the Tourist, quit... You quit in The Gnomish Mines on dungeon level 6 with 29649 points, and 0 pieces of gold, after 8668 moves. You were level 2 with a maximum of 41 hit points when you quit.